 Dungeon Crawl Stone Soup version 0.26.1-11-gd32895ea62 (webtiles) character file.

Game seed: 6617851073195452442

860 Zeld the Cutter (level 8, 0/50 HPs)
             Began as an Octopode Brigand on May 23, 2021.
             Was an Initiate of Fedhas.
             Splashed by a jelly's acid (9 damage)
             ... on level 6 of the Dungeon.
             The game lasted 00:05:55 (5607 turns).

Zeld the Cutter (Octopode Brigand)                  Turns: 5607, Time: 00:05:56

Health: 0/50       AC:  1    Str: 12    XL:     8   Next: 2%
Magic:  8/8        EV: 13    Int: 13    God:    Fedhas [......]
Gold:   47         SH:  0    Dex: 14    Spells: 7/7 levels left

rFire    . . .     SeeInvis .   d - +0 dagger (venom)
rCold    . . .     Faith    .   (no shield)
rNeg     . . .     Spirit   .   (helmet restricted)
rPois    +         Reflect  .   (no amulet)
rElec    .         Harm     .   u - ring of poison resistance
rCorr    .         Rampage  .   (no ring)
Will     .....                  (no ring)
Stlth    ++++......             (no ring)
HPRegen  0.16/turn              (no ring)
MPRegen  0.11/turn              (no ring)
                                (no ring)
                                (no ring)

@: no status effects
A: almost no armour, stealthy swim, amphibious, 8 rings, constrict 8, camouflage
1, gelatinous body 1
a: Renounce Religion


You were on level 6 of the Dungeon.
You worshipped Fedhas.
Fedhas was noncommittal.
You visited 1 branch of the dungeon, and saw 6 of its levels.

You collected 287 gold pieces.
You spent 240 gold pieces at shops.

Inventory:

Hand Weapons
 a - a +2 dagger
 d - a +0 dagger of venom (weapon)
Missiles
 b - 8 poisoned darts (quivered)
 c - 2 curare-tipped darts
 e - 4 atropa-tipped darts
Jewellery
 u - a ring of poison resistance (left tentacle)
Wands
 v - a wand of acid (8)
 x - a wand of disintegration (9)
 A - a wand of digging (5)
Scrolls
 f - a scroll of blinking {unknown}
 g - 2 scrolls of magic mapping {unknown}
 h - a scroll of random uselessness {unknown}
 k - 2 scrolls of remove curse {unknown}
 l - 2 scrolls of enchant weapon {unknown}
 m - 2 scrolls of amnesia {unknown}
 r - 4 scrolls of identify {unknown}
 s - a scroll of fear {unknown}
 t - a scroll of enchant armour {unknown}
 w - 2 scrolls of teleportation {unknown}
 y - a scroll of immolation {unknown}
Potions
 i - 2 potions of lignification {unknown}
 j - 3 potions of curing {unknown}
 n - 2 potions of heal wounds {unknown}
 o - 2 potions of might {unknown}
 p - 2 potions of brilliance {unknown}
 q - 2 potions of mutation {unknown}
 z - a potion of haste {unknown}


   Skills:
 - Level 2.0 Fighting
 * Level 6.9 Short Blades
 - Level 6.0 Throwing
 - Level 1.0 Dodging
 - Level 5.3 Stealth


You had 7 spell levels left.
You didn't know any spells.
Your spell library contained the following spells:

 Spells                   Type           Power        Failure   Level
 Magic Dart               Conj           0%           30%         1
 Searing Ray              Conj           0%           43%         2
 Dazzling Flash           Conj/Hex       0%           67%         3
 Fulminant Prism          Conj/Hex       0%           97%         4
 Iskenderun's Mystic Bla  Conj/Tloc      0%           97%         4


Dungeon Overview and Level Annotations

Branches:
Dungeon (6/15)
 Temple: D:4-7

Altars:
Ashenzari
Elyvilon
Fedhas
Xom

Shops:
D:5 }


Innate Abilities, Weirdness & Mutations

You cannot wear most types of armour.
You are very stealthy in the water. (Stealth+)
You are amphibious.
You can wear up to eight rings at the same time.
You can use your tentacles to constrict eight enemies at once.
Your skin changes colour to match your surroundings (Stealth+).
Your rubbery body absorbs attacks. (AC +1, EV +1)


Message History

Unknown command.
There is an open door here.
Press: ? - help, v - describe, . - travel
Here: a jelly (lightly wounded)
The floor.
Unknown command.
Aiming: Corrosive Bolt
Press: ? - help, Shift-Dir - straight line
Okay, then.
Press: ? - help, v - describe, . - travel
Here: a jelly (lightly wounded)
The floor.
Aiming: Disintegrate
Press: ? - help, Shift-Dir - straight line, f - jelly
Aim: a jelly (lightly wounded, chance to affect: 73%)
The jelly is blasted.
The jelly hits you.
* * * LOW HITPOINT WARNING * * *
You are splashed with acid!
You die...
Fedhas appreciates your contribution to the ecosystem.

###..####.##..##....###....#
#.......#......#...........#
+.......#......#.<.......<.#
####'###......#...........# .
##.....##.....##.....##....##..
..............#########........
...............#.....##....##..
##.##..##............##....#
##.##..##.....##@....##....#
........#.....##J....##....+
........#.....#......##....#
...######............##....#
...##.. #.....#.......#....#
.......#......##.....##....#
...##..#......##.....###.###
...# .#.......#.....##....#
...# #.......#...........#


You could see a jelly.

Vanquished Creatures
  Edmund (D:5)
  A phantom (D:5)
  An ogre (D:4)
  A bullfrog (D:4)
  2 scorpions
  A bullfrog zombie (D:5)
  2 orc priests (D:3)
  An orc wizard (D:3)
  4 worker ants
  Robin (D:4)
  7 adders
  A white imp (D:6)
  2 oozes
  An adder skeleton (D:4)
  A worm (D:3)
  2 dart slugs
  5 leopard geckos
  11 orcs
  3 bats
  4 giant cockroaches
  16 goblins
  6 hobgoblins
  6 jackals
  4 quokkas
  4 ball pythons
  A frilled lizard (D:4)
  4 kobolds
  3 rats
96 creatures vanquished.

Notes
Turn   | Place    | Note
-------+----------+-------------------------------------------
     0 | D:1      | Zeld the Octopode Brigand began the quest for the Orb.
     0 | D:1      | Reached XP level 1. HP: 14/14 MP: 1/1
    89 | D:1      | Reached XP level 2. HP: 19/19 MP: 2/2
   546 | D:1      | Reached XP level 3. HP: 22/24 MP: 3/3
  1023 | D:2      | Noticed a scorpion
  1035 | D:2      | Killed a scorpion
  1036 | D:2      | Reached XP level 4. HP: 29/29 MP: 4/4
  1398 | D:2      | Reached XP level 5. HP: 34/34 MP: 5/5
  2621 | D:3      | Reached XP level 6. HP: 24/39 MP: 6/6
  3232 | D:4      | Reached skill level 5 in Short Blades
  3232 | D:4      | Reached skill level 5 in Throwing
  3279 | D:4      | Reached XP level 7. HP: 39/45 MP: 7/7
  3546 | D:4      | Noticed Robin
  3561 | D:4      | Killed Robin
  3768 | D:5      | Entered Level 5 of the Dungeon
  4625 | D:5      | Noticed Edmund
  4629 | D:5      | Found a broken altar of Ashenzari.
  4632 | D:5      | Killed Edmund
  4831 | D:5      | Found a blossoming altar of Fedhas.
  4831 | D:5      | Found a shimmering altar of Xom.
  4954 | D:5      | Found Pozatoaf's Gadget Shoppe.
  5227 | D:5      | Bought a wand of digging (6) for 240 gold pieces
  5241 | D:5      | Found a white marble altar of Elyvilon.
  5254 | D:5      | Became a worshipper of Fedhas Madash
  5373 | D:6      | Reached XP level 8. HP: 34/50 MP: 8/8
  5607 | D:6      | Splashed by a jelly's acid

Illustrated notes

Levels and vault maps discovered:
D:1:      saegor_arrival_miasma, layout_rooms
D:2:      layout_loops_ring
D:3:      layout_loops_cross
D:4:      layout_basic, hex_intersection, wad_rectangle_vault, uniq_robin
D:5:      layout_layer_cave, nicolae_overflow_hidden_temple,
          evilmike_ruin_ashenzari, serial_shops, shop, saegor_snake_ambush,
          uniq_edmund
D:6:      layout_gridville, nzn_hepliaklqana_mist_gate, lemuel_doored_altar,
          minmay_checkerbox, uniq_sigmund

Skill      XL: |  1  2  3  4  5  6  7 |
---------------+----------------------+-----
Short Blades   | 3 4 5 6 |  6.9
Throwing       | 3 4 5 6 |  6.0
Fighting       | |  2.0
Dodging        | |  1.0
Stealth        | |  5.3

Action                   |  1- 3 |  4- 6 |  7- 9 || total
-------------------------+-------+-------+-------++-------
Melee: Dagger            |    63 |    78 |    93 ||   234
       Tentacles         |    15 |    15 |    23 ||    53
       Constrict         |    15 |    25 |    12 ||    52
Evoke: Wand              |       |       |     2 ||     2
 Stab: Sleeping          |    11 |     6 |     7 ||    24
Armor: Skin              |     3 |     3 |     4 ||    10
Dodge: Dodged            |    32 |    26 |    32 ||    90
